Map: Temple gelé

Players

Cheesologist

  • Race: Terran Terran
  • League: Master

XiaoWangZi - Winner!

  • Race: Terran Terran
  • League: Master

VOD

Have the link to the VOD?

Description

Time

  • Played on: April 11, 2016, 11:32 a.m.
  • Length: 4:09
Show
View Real Time Build Order
Export as new Build Order

Cheesologist Terran 

Build Orders:  

Get SALT Encoding   

  12  0:00  SCV  
  13  0:13  SCV  
  14  0:18  Supply Depot  
  14  0:25  SCV  
  15  0:40  SCV  
  15  0:41  Barracks  
  16  0:47  Refinery  
  16  0:52  SCV  
  17  1:04  SCV  
  17  1:07  Refinery  
  18  1:15  Refinery  
  18  1:16  SCV  
  18  1:29  SCV  
  19  1:35  Supply Depot  
  19  1:39  Marine  
  20  1:49  Orbital Command  
  20  1:57  Factory  
  20  2:02  Marine  
  22  2:15  SCV  
  22  2:22  Supply Depot  
  22  2:27  SCV, Barracks Tech Lab  
  23  2:39  SCV  
  24  2:50  Supply Depot  
  24  2:52  SCV  
  24  2:55  Barracks Reactor  
  24  2:56  Siege Tank  
  28  2:58  Starport  
  20  3:20  SCV  
  20  3:32  SCV  
  16  3:44  SCV  
  16  3:45  Marine x2  
Show
View Real Time Build Order
Export as new Build Order

XiaoWangZi Terran - Winner!

Build Orders:  

Get SALT Encoding   

  12  0:01  SCV  
  13  0:13  SCV  
  14  0:18  Supply Depot  
  14  0:25  SCV  
  15  0:33  Refinery  
  15  0:39  SCV  
  16  0:45  Barracks  
  16  0:51  SCV  
  17  1:09  Barracks  
  17  1:10  SCV  
  18  1:26  SCV  
  19  1:36  Reaper  
  20  1:43  Orbital Command  
  20  1:59  Reaper  
  21  2:08  Reaper  
  21  2:09  SCV  
  22  2:17  Command Center  
  23  2:25  Supply Depot  
  23  2:27  SCV  
  23  2:47  Reaper  
  23  2:51  SCV  
  25  2:56  Reaper  
  26  3:03  SCV  
  27  3:16  SCV  
  27  3:19  Reaper  
  29  3:24  Refinery  
  29  3:26  Barracks  
  29  3:28  Marine, SCV  
  32  3:45  Marine  
  32  3:52  Engineering Bay  
  32  3:54  Barracks  
  31  3:56  Engineering Bay  
Tags
 
Add a new tag
Caveats
  • Supply blocks, unpowered buildings, or Contaminate may cause inaccurate times.
  • Supply counts are checked every 10 seconds.